 Dungeon Crawl Stone Soup version 0.30.1 (webtiles) character file.

Game seed: 12568822302600957828

402 Heoruswealwe the Magician (level 6, -4/35 HPs)
             Began as a Deep Elf Conjurer on July 13, 2023.
             Killed by divine providence
             ... invoked by an orc priest
              (16 damage)
             ... on level 4 of the Dungeon.
             The game lasted 00:28:01 (2472 turns).

Heoruswealwe the Magician (Deep Elf Conjurer)       Turns: 2472, Time: 00:28:01

Health: -4/35      AC:  5    Str:  4      XL:     6   Next: 55%
Magic:  5/18       EV: 12    Int: 23 (25) God:
Gold:   9          SH:  0    Dex: 11 (13) Spells: 5/19 levels left

rFire   . . .        (no weapon)
rCold   + . .        (no shield)
rNeg    . . .        c - +2 robe
rPois   +            g - +0 helmet
rElec   .            (no cloak)
rCorr   .            (no gloves)
SInv    .            (no boots)
Will    .....        (no amulet)
Stlth   ++           k - ring of poison resistance
HPRegen 0.25/turn    (no ring)
MPRegen 0.16/turn

%: no passive effects
@: no status effects
A: talons 1, cold resistance 1, robust 1, wild magic 1, evolution 1
a: no special abilities


You were on level 4 of the Dungeon.
You visited 1 branch of the dungeon, and saw 4 of its levels.

You collected 127 gold pieces.
You spent 118 gold pieces at shops.

Inventory:

Armour
 c - a +2 robe (worn)
 g - a +0 helmet (worn)
Jewellery
 k - a ring of poison resistance (left hand)
Wands
 a - a wand of polymorph (7)
Scrolls
 b - 3 scrolls of teleportation {unknown}
 d - 3 scrolls of identify {unknown}
 e - a scroll of amnesia {unknown}
 h - a scroll of brand weapon {unknown}
 i - a scroll of blinking {unknown}
 n - a scroll of poison {unknown}
Potions
 f - a potion of attraction {unknown}


   Skills:
 - Level 2.4 Dodging
 - Level 2.4 Stealth
 + Level 7.0 Spellcasting
 + Level 6.9 Conjurations


You had 5 spell levels left.
You knew the following spells:

 Your Spells              Type           Power      Damage    Failure   Level
a - Magic Dart            Conj           100%       1d8       1%          1
b - Searing Ray           Conj           100%       2d8       1%          2
c - Dazzling Flash        Conj/Hex       62%        N/A       9%          3
d - Fulminant Prism       Conj/Hex       15%        3d10      26%         4
e - Iskenderun's Mystic   Conj/Tloc      31%        2d8       26%         4

Your spell library contained the following spells:

 Spells                   Type           Power      Damage    Failure   Level
 Sting                    Tmut/Pois      40%        1d5       12%         1
 Poisonous Vapours        Pois/Air       20%        N/A       17%         2
 Olgreb's Toxic Radiance  Pois           10%        N/A       67%         4
 Malign Gateway           Summ/Tloc      5%         N/A       100%        7
 Summon Horrible Things   Summ           5%         N/A       100%        8


Dungeon Overview and Level Annotations

Branches:
Dungeon (4/15)
 Temple: D:4-7

Altars:
Nemelex Xobeh

Shops:
D:4 *


Innate Abilities, Weirdness & Mutations

You have sharp toenails.
Your flesh is cold resistant. (rC+)
You are robust. (+10% HP)
Your spells are a little harder to cast, but a little more powerful.
You have hidden genetic potential.


Message History

Aiming: Searing Ray (safe; 1% risk of failure)
Press: ? - help, Shift-Dir - straight line, f - adder zombie, p - orc
Aim: an adder zombie (83% to hit)
The searing ray hits the adder zombie!
The adder zombie is heavily damaged. (Press . to maintain the ray.)
The adder zombie bites you.
The searing ray hits the adder zombie.
The adder zombie is severely damaged.
The searing ray hits the scorpion!
The scorpion is heavily wounded.
The adder zombie closely misses you.
The searing ray hits the adder zombie!
You destroy the adder zombie!
The scorpion barely misses you.
Your Spellcasting skill increases to level 7!
The scorpion closely misses you. The iguana bites you.
A giant cockroach comes into view.
The scorpion closely misses you. The iguana closely misses you.
The giant cockroach moves out of view.
The scorpion attacks as you move away! The scorpion stings you!
Casting: Searing Ray (safe; 1% risk of failure)
Confirm with . or Enter, or press ? or * to list all spells.
Aiming: Searing Ray (safe; 1% risk of failure)
Press: ? - help, Shift-Dir - straight line, f - endoplasm
Aim: an endoplasm (98% to hit)
The searing ray hits the scorpion.
The scorpion is almost dead.
The searing ray hits the orc!
You kill the orc!
The searing ray hits the endoplasm!
You kill the endoplasm!
The searing ray hits the orc.
The orc is severely wounded. (Press . to maintain the ray.)
The orc priest shouts!
The scorpion barely misses you.
The orc priest calls down the wrath of Beogh upon you.
Beogh smites you!
You die...

.......### #.#.)###
#.#..# #.#..## ..#...#
#### .....## #..##
....## ###...# ....##
##.#...# #....###
##..##@## .......##
#...)s..#
....)...####o##....8..#
.....##..##o.o#...P.P..
......##.....###.....#..
...........!..##.P...# .
##.....#..#...#....#...
###.......#....o..###..
##..#............B# ..


You could see a scorpion, an orc priest and an orc.

Vanquished Creatures
  2 phantoms (D:4)
  A hound (D:4)
  Ijyb (D:4)
  An iguana (D:4)
  A scorpion zombie (D:4)
  A hound zombie (D:4)
  3 adders
  A howler monkey skeleton (D:4)
  2 adder zombies (D:4)
  An adder skeleton (D:4)
  A worm (D:4)
  A dart slug (D:1)
  11 orcs
  9 endoplasms
  3 giant cockroaches (D:1)
  4 goblins
  8 hobgoblins
  2 jackals (D:1)
  4 quokkas
  6 ball pythons
  5 bats
  2 frilled lizards
  5 kobolds
  A quokka zombie (D:4)
  3 rats
79 creatures vanquished.

Notes
Turn   | Place    | Note
-------+----------+-------------------------------------------
     0 | D:1      | Heoruswealwe the Deep Elf Conjurer began the quest for the
                  | Orb.
     0 | D:1      | Reached XP level 1. HP: 10/10 MP: 6/6
   185 | D:1      | Reached XP level 2. HP: 15/15 MP: 0/8
   188 | D:1      | Learned a level 2 spell: Searing Ray
   430 | D:1      | Reached skill level 4 in Spellcasting
   513 | D:1      | Reached skill level 5 in Conjurations
   513 | D:1      | Reached XP level 3. HP: 19/19 MP: 8/10
   517 | D:1      | Learned a level 3 spell: Dazzling Flash
   919 | D:1      | You fall into a shaft and drop 1 floor!
  1010 | D:2      | Found a faded altar of an unknown god.
  1164 | D:3      | Found a sparkling altar of Nemelex Xobeh.
  1212 | D:3      | Reached XP level 4. HP: 24/24 MP: 0/12
  1440 | D:2      | Learned a level 4 spell: Fulminant Prism
  1662 | D:4      | Reached skill level 5 in Spellcasting
  1860 | D:4      | Reached XP level 5. HP: 28/28 MP: 7/14
  1865 | D:4      | Learned a level 4 spell: Iskenderun's Mystic Blast
  2054 | D:4      | Noticed Ijyb
  2078 | D:4      | Gained mutation: Your flesh is cold resistant. (rC+)
                  | [potion of mutation]
  2078 | D:4      | Gained mutation: You have hidden genetic potential. [potion
                  | of mutation]
  2078 | D:4      | Gained mutation: You have sharp toenails. [potion of
                  | mutation]
  2078 | D:4      | Gained mutation: Your spells are a little harder to cast,
                  | but a little more powerful. [potion of mutation]
  2128 | D:4      | Killed Ijyb
  2158 | D:4      | Found Yjaoniy's Assorted Antiques.
  2162 | D:4      | Noticed a phantom
  2172 | D:4      | Killed a phantom
  2173 | D:4      | Reached skill level 6 in Spellcasting
  2173 | D:4      | Reached XP level 6. HP: 26/32 MP: 6/17
  2198 | D:4      | Bought a runed robe for 118 gold pieces
  2322 | D:4      | Gained mutation: You are robust. (+10% HP) [hidden
                  | potential]
  2468 | D:4      | Reached skill level 7 in Spellcasting
  2472 | D:4      | Killed from afar by an orc priest

Illustrated notes

Levels and vault maps discovered:
D:1:      ncdulo_watergridlock, layout_basic
D:2:      layout_basic, dreamdust_ecumenical_altar_statues,
          hangedman_abyss_or_decor_lesser_grid, hangedman_decor_push
D:3:      layout_rooms, nemelex_altar_shiori
D:4:      layout_cave_pools, serial_undead, serial_undead_a, serial_undead_d,
          serial_undead_a, serial_undead_e, serial_shops, shop, uniq_ijyb

Skill      XL: |  1  2  3  4  5  6 |
---------------+-------------------+-----
Spellcasting   | 4 5 6 7 |  7.0
Conjurations   | 5 6 |  6.9
Dodging        | |  2.4
Stealth        | |  2.4

Action                     |  1- 3 |  4- 6 || total
---------------------------+-------+-------++-------
  Melee: Unarmed           |       |     2 ||     2
   Cast: Magic Dart        |    78 |    85 ||   163
         Searing Ray       |     2 |    14 ||    16
    Use: Potion            |     1 |     5 ||     6
 Armour: Robe              |     2 |     9 ||    11
         Skin              |       |     4 ||     4
  Dodge: Dodged            |    18 |    56 ||    74
